[Event "*** Titled Tuesday Blitz"]
[Site "Chess.com"]
[Date "2020.04.28"]
[Round "2"]
[White "chenxiaoyuer"]
[Black "zajka-molotok"]
[Result "0-1"]
[WhiteElo "2120"]
[BlackElo "2407"]
[TimeControl "180+1"]
[EndTime "10:18:57 PDT"]
[Termination "zajka-molotok won by resignation"]

1. e4 e5 2. Nf3 Nc6 3. Bb5 a6 4. Ba4 b5 5. Bb3 Na5 6. O-O d6 7. d4 exd4 8. Nxd4 Ne7 9. Qf3 Nxb3 10. axb3 Bb7 11. Nf5 Nxf5 12. Qxf5 g6 13. Qf4 Bg7 14. c3 O-O 15. Be3 f5 16. exf5 Rxf5 17. Qg3 Qd7 18. Nd2 Raf8 19. f3 Re8 20. Qf2 c5 21. Rfe1 Rfe5 22.
Bf4 R5e6 23. Rxe6 Qxe6 24. Bg3 Kf7 25. Re1 Qxe1+ 26. Qxe1 Rxe1+ 27. Bxe1 Ke6 28. Kf2 d5 29. Ke3 Bh6+ 30. Kd3 Bf4 31. Bf2 Kd6 32. g3 Be5 33. f4 Bg7 34. Nf3 b4 35. Nd2 bxc3 36. bxc3 a5 37.
c4 Ba6 38. Kc2 dxc4 39. bxc4 a4 40. Kb1 Bc3 41. Be3 Bxd2 42. Bxd2 Bxc4 43. Kc2 Kd5 44. Bc3 a3 45. Kd2 Ke4 46. Ba1 a2 47. Bb2 Bb3 48. Ba1 c4 49. Bb2 Kf3 50. Kc3 Kg2 51. g4 Kxh2 52.
f5 gxf5 53. gxf5 Ba4 54. f6 Be8 55. Kxc4 Bf7+ 56. Kc5 Kg3 57. Kd6 Kg4 58. Ke7 Bc4 59. Kd6 h5 60. Ke5 h4 61. Ke4 h3 62. Ke3 h2 0-1

[Event "*** Titled Tuesday Blitz"]
[Site "Chess.com"]
[Date "2020.04.28"]
[Round "2"]
[White "Justinz"]
[Black "plumalka"]
[Result "1-0"]
[WhiteElo "2226"]
[BlackElo "2430"]
[TimeControl "180+1"]
[EndTime "10:18:58 PDT"]
[Termination "Justinz won by checkmate"]

1. e4 c5 2. Nf3 d6 3. d4 cxd4 4. Nxd4 Nf6 5. Nc3 Bd7 6. Be2 e5 7. Nb3 Bc6 8. Bf3 Be7 9. O-O O-O 10.
Nd5 Bxd5 11. exd5 Nbd7 12. c4 Rc8 13. Qe2 Ne8 14. Nd2 f5 15. g3 Nef6 16. b3 a5 17.
Bb2 Nc5 18. Bg2 Qe8 19. Bc3 b6 20. Nf3 Qh5 21. Rfe1 g5 22. Rab1 Qg6 23. a3 f4 24.
b4 Na4 25. Ba1 Qf5 26. Qd1 b5 27. c5 axb4 28. axb4 g4 29. Nh4 Qg5 30. Bf1 fxg3 31. hxg3 e4 32. Bxb5 Nxd5 33. Bc4 Nb6 34. Ba2 dxc5 35.
Rxe4 cxb4 36. Rxg4 b3 37. Rxg5+ Bxg5 38. Bxb3 Rcd8 39.
Qg4 h6 40. Nf5 Kh7 41. Qe4 Nf6 42. Qe7+ Kg6 43. Bc2 Kh5 44. Rxb6 Ng4 45. Qg7 Nf6 46. Bxf6 Rfe8 47. Bxg5 hxg5 48. Rh6+ Kg4 49. Rg6 Kf3 50.
Nh4+ gxh4 51. Rf6+ Ke2 52. Qg4+ Kd2 53. Bg6 hxg3 54.
Bxe8 Rxe8 55. Qd4+ Ke2 56. fxg3 Re3 57. Rf2+ Ke1 58.
Qd2# 1-0

[Event "*** Titled Tuesday Blitz"]
[Site "Chess.com"]
[Date "2020.04.28"]
[Round "2"]
[White "gurelediz"]
[Black "YQPerez"]
[Result "1-0"]
[WhiteElo "2597"]
[BlackElo "2951"]
[TimeControl "180+1"]
[EndTime "10:18:59 PDT"]
[Termination "gurelediz won by resignation"]

1. e4 e5 2. Nf3 Nc6 3. Bb5 a6 4. Ba4 Nf6 5. O-O b5 6. Bb3 Bb7 7. Re1 Bc5 8. c3 O-O 9. d4 Bb6 10. Bg5 h6 11. Bh4 Re8 12. d5 Na5 13. Bc2 c6 14. d6 c5 15. Nbd2 Re6 16. Bg3 Nc6 17.
Nf1 Qf8 18. Ne3 Rxd6 19. Qe2 Re6 20. Nd5 Bd8 21. Rad1 d6 22. a4 c4 23. Rd2 Re8 24.
Red1 Nxd5 25. Rxd5 Bc7 26. axb5 axb5 27. Rxb5 Ba6 28.
Rbd5 Reb8 29. Ba4 Ne7 30. R5d2 Bb5 31. Bxb5 Rxb5 32. Qxc4 Qb8 33. b4 Qb7 34. Nh4 Rb6 35. Nf5 Nxf5 36. exf5 Qc6 37. Qxc6 Rxc6 38. Rc2 f6 39. c4 Ra4 40. Rb1 Bb6 41. Kf1 Bd4 42.
Ke2 Rb6 43. b5 Kf7 44. Kd3 Ra3+ 45. Ke4 Ke7 46. Rd2 Bc5 47. Rbb2 Rb8 48. Ra2 Rba8 49. Rxa3 Rxa3 50. Kd5 Kd7 51. f3 Kc7 52. Bf2 Bxf2 53.
Rxf2 Kd7 54. Rd2 Rb3 55. Ra2 Rd3+ 56. Ke4 Rd4+ 57. Ke3 Rxc4 58. Ra7+ Rc7 59. b6 1-0

[Event "*** Titled Tuesday Blitz"]
[Site "Chess.com"]
[Date "2020.04.28"]
[Round "2"]
[White "Anna_ChessMate"]
[Black "obliviate12"]
[Result "0-1"]
[WhiteElo "2534"]
[BlackElo "2814"]
[TimeControl "180+1"]
[EndTime "10:18:59 PDT"]
[Termination "obliviate12 won by resignation"]

1. d4 Nf6 2. c4 e6 3. Nf3 d5 4. Nc3 Bb4 5. cxd5 exd5 6. Bf4 Ne4 7. Rc1 Nc6 8. Ne5 Nxe5 9. Bxe5 O-O 10. e3 c6 11. Bd3 Nxc3 12. bxc3 Ba3 13. Rb1 b5 14. O-O Re8 15. e4 Be6 16. exd5 Bxd5 17. Qg4 Bf8 18.
a4 a6 19. Rfe1 bxa4 20. c4 Be6 21. Qe4 g6 22. Qxc6 a3 23. d5 Bd7 24. Qb7 Rxe5 25. Rxe5 a2 26. Rc1 Bg7 27. Ree1 Rb8 28. Qa7 Bb2 29. Rcd1 Ba4 30. Ra1 Bxa1 31. Rxa1 Bb3 32. h3 a5 33. Qd4 a4 34. Be4 Rb4 35. Bd3 Qd6 36. Re1 Rb8 37. c5 Qxd5 38. Qc3 Rc8 39. Ba6 Qxc5 40. Qf6 Rf8 41. Bd3 Qb4 42. Rc1 Be6 43.
Qa1 Qd2 44. Bf1 a3 45. Rd1 Qb2 46. Re1 Rb8 47. Qd1 Qb1 48. Qd6 Qxe1 49. Qxb8+ Kg7 0-1

[Event "*** Titled Tuesday Blitz"]
[Site "Chess.com"]
[Date "2020.04.28"]
[Round "2"]
[White "serhanberat_ozdemir"]
[Black "MatijaOlimpiakosIvic"]
[Result "0-1"]
[WhiteElo "2514"]
[BlackElo "2771"]
[TimeControl "180+1"]
[EndTime "10:19:00 PDT"]
[Termination "MatijaOlimpiakosIvic won by resignation"]

1. e4 c5 2. Nf3 g6 3. d4 cxd4 4. Qxd4 Nf6 5. e5 Nc6 6. Qa4 Nd5 7. Qe4 Ndb4 8. Bb5 Bg7 9. a3 Na6 10. Nc3 O-O 11. Bf4 Nc7 12. Bxc6 dxc6 13. Rd1 Qe8 14. Qe3 b6 15. Bh6 Ba6 16. h4 Rd8 17. Rxd8 Qxd8 18. h5 Nd5 19. Nxd5 Qxd5 20. Bxg7 Rd8 21. Nd2 Qxg2 22.
Qf3 Qxf3 23. Nxf3 Kxg7 24. hxg6 hxg6 25. Rh4 Bb7 26. Ke2 c5 27. Nd2 f6 28. exf6+ exf6 29. c4 g5 30. Rh3 Re8+ 31. Re3 Rxe3+ 32. Kxe3 f5 33. b4 cxb4 34. axb4 a5 35. bxa5 bxa5 36.
c5 Kf6 37. Kd4 f4 38. Nc4 a4 39. Na3 Bc6 40. Nc2 g4 41. Nb4 a3 42. Kc3 g3 43.
fxg3 fxg3 44. Nxc6 g2 45. Nd4 g1=Q 46. c6 Qc1+ 47. Kb4 Qb2+ 48. Nb3 a2 49. c7 a1=Q 50.
c8=Q Qaa3+ 51. Kb5 Qaxb3+ 52. Kc6 Qc4+ 0-1

[Event "*** Titled Tuesday Blitz"]
[Site "Chess.com"]
[Date "2020.04.28"]
[Round "2"]
[White "wonderfultime"]
[Black "dmosesov"]
[Result "1-0"]
[WhiteElo "2934"]
[BlackElo "2574"]
[TimeControl "180+1"]
[EndTime "10:19:01 PDT"]
[Termination "wonderfultime won by checkmate"]

1. d4 Nf6 2. Nf3 b6 3. Bf4 Bb7 4. e3 g6 5. h3 Bg7 6. Be2 O-O 7. O-O d6 8. a4 c5 9. c3 Nbd7 10. a5 bxa5 11. Qa4 Nd5 12. Bg3 N5b6 13. Qxa5 Qc7 14.
Nbd2 Rfc8 15. Bd3 c4 16. Bc2 e5 17. Rfd1 f5 18. dxe5 dxe5 19. Nf1 Bxf3 20. gxf3 Nc5 21.
Nd2 Qf7 22. Kg2 Rc7 23. Qb5 Rf8 24. b4 Ncd7 25. Ra3 f4 26. exf4 exf4 27. Bh2 Qe7 28. Ne4 Rf5 29. Qa6 Nb8 30. Kh1 Nxa6 31. Rxa6 h5 32. Rg1 Rf8 33. Rxg6 Nd7 34. Rae6 Qd8 35.
Nd6 Rf6 36. Rexf6 Nxf6 37. Bxf4 Rd7 38. Nf5 Kh8 39. Be5 Ne8 40. Nxg7 Nxg7 41. Be4 Rd1+ 42.
Kh2 Rd7 43. f4 Qe8 44. Rh6+ Kg8 45. Bh7+ Kf8 46. Bg6 Qe6 47. Rh8+ Ke7 48. Be4 Nf5 49. Rxh5 Nd6 50. Bf3 Nf7 51. Bg4 Qg6 52. f5 Qg8 53. f6+ Kd8 54. Bg3 Rd2 55. Rb5 Qg6 56. Rb8# 1-0

[Event "*** Titled Tuesday Blitz"]
[Site "Chess.com"]
[Date "2020.04.28"]
[Round "2"]
[White "Twitch_ElhamBlitz05"]
[Black "Riptide27"]
[Result "1-0"]
[WhiteElo "2705"]
[BlackElo "2473"]
[TimeControl "180+1"]
[EndTime "10:19:01 PDT"]
[Termination "Twitch_ElhamBlitz05 won by resignation"]

1. e4 e6 2. d4 d5 3. Nd2 Nf6 4. e5 Nfd7 5. f4 c5 6. c3 Nc6 7.
Ngf3 cxd4 8. cxd4 Qb6 9. Bd3 Nxd4 10. Nxd4 Qxd4 11. Nf3 Qb6 12. Qa4 Qb4+ 13. Qxb4 Bxb4+ 14. Ke2 Nc5 15. Bc2 Na6 16. Be3 Bd7 17. Rac1 O-O 18.
a3 Be7 19. Bd3 Rfc8 20. b4 Nc7 21. Bc5 Kf8 22. Nd4 a6 23. Rc3 Ke8 24. Rhc1 Bd8 25. Ke3 Nb5 26. Bxb5 Bxb5 27. g4 Bc4 28. g5 Kd7 29. h4 a5 30. f5 axb4 31. axb4 Ra2 32. R1c2 Rca8 33. f6 g6 34. Nf3 Rxc2 35. Rxc2 Ra3+ 36.
Kf4 Bc7 37. h5 b6 38. hxg6 hxg6 39. Bd4 Bd3 40. Rc3 Rxc3 41. Bxc3 Be4 42. Nd4 Bb8 43. b5 Bc7 44. Bb4 Bd3 45. Bc3 Bc4 46. Bb4 Bd3 47.
Bc3 Bf1 48. Bd2 Bc4 49. Be3 Bd3 50. Bf2 Bc4 51. Bg3 Bd6 52. exd6 Kxd6 53. Ke3+ e5 54. Nc6 Bxb5 55. Nxe5 Ke6 56. Kd4 Be8 57. Bf4 b5 58.
Bd2 b4 59. Bxb4 Ba4 60. Bd2 Be8 61. Nd3 Ba4 62. Nc5+ 1-0

[Event "*** Titled Tuesday Blitz"]
[Site "Chess.com"]
[Date "2020.04.28"]
[Round "2"]
[White "Igor_Lysyj"]
[Black "awesomevishesh"]
[Result "1-0"]
[WhiteElo "2802"]
[BlackElo "2527"]
[TimeControl "180+1"]
[EndTime "10:19:02 PDT"]
[Termination "Igor_Lysyj won by resignation"]

1. d4 Nf6 2. c4 e6 3. Nf3 d5 4. g3 dxc4 5. Bg2 a6 6. O-O Nc6 7. Bg5 Be7 8. e3 O-O 9. Qc2 e5 10. dxe5 Nd7 11. e6 Bxg5 12. exd7 Bxd7 13. Rd1 Bf6 14. Na3 Qe7 15. Nxc4 Rfd8 16. a3 g6 17. Rac1 Bf5 18. Qb3 Be4 19. Ne1 Bxg2 20. Nxg2 b5 21. Nd2 Ne5 22. Ne1 c5 23. Ne4 c4 24.
Qc2 Bg7 25. Nc3 Qe6 26. Qe2 h5 27. e4 h4 28. Nd5 Rac8 29. Rd2 h3 30. Rcd1 Re8 31. f4 Nc6 32. e5 Qf5 33. Qf2 g5 34.
Nf3 gxf4 35. gxf4 Rcd8 36. Ne7+ Rxe7 37. Rxd8+ Nxd8 38. Rxd8+ Kh7 39. Qh4+ Kg6 40. Qg3+ Kh7 41. Ng5+ Kh6 42. Qxh3+ Qxh3 43. Nxh3 f6 44. Rd6 Kg6 45. Kf2 Kf5 46. exf6 Bxf6 47. Ng1 Bxb2 48. Ne2 Bxa3 49. Rxa6 Bc5+ 50. Kf1 b4 51. Rc6 Be3 52.
Rxc4 b3 53. Rb4 Re4 54. Ng3+ Kg4 55. Nxe4 Bxf4 56. Rxb3 Kf5 57. Ng3+ Kg4 58. Kg2 Be5 59. Rb4+ Kg5 60. Rc4 Bxg3 1-0

[Event "*** Titled Tuesday Blitz"]
[Site "Chess.com"]
[Date "2020.04.28"]
[Round "2"]
[White "hedgehog280"]
[Black "Galileo22"]
[Result "1/2-1/2"]
[WhiteElo "2686"]
[BlackElo "2331"]
[TimeControl "180+1"]
[EndTime "10:19:02 PDT"]
[Termination "Game drawn by stalemate"]

1. c4 Nf6 2. Nc3 e6 3. e4 d5 4. e5 Ne4 5. cxd5 exd5 6. Nxe4 dxe4 7. Qa4+ Nc6 8. Qxe4 Qd4 9. Qxd4 Nxd4 10. Bd3 Bc5 11. Ne2 Nc6 12. Bb5 Bd7 13. Bxc6 Bxc6 14. d4 Bb4+ 15. Bd2 Bxd2+ 16. Kxd2 Bxg2 17. Rhg1 Be4 18. Rxg7 Bg6 19. Rc1 c6 20. e6 Kf8 21. Rxf7+ Bxf7 22. exf7 Kxf7 23. Rc5 Rad8 24. b4 Rd5 25.
Rc3 a5 26. Rf3+ Ke7 27. a3 axb4 28. axb4 Ra8 29. Rh3 Ra2+ 30. Kd3 Ra3+ 31. Nc3 h5 32. Kc2 Rxd4 33. Nd5+ cxd5 34. Rxa3 Rxb4 35. Kd3 Rh4 36.
Ra7 Rxh2 37. Rxb7+ Kd6 38. Ke2 Ke5 39. Re7+ Kd4 40. Re3 Rh1 41. Rd3+ Kc4 42. Ra3 h4 43. Ra4+ Kc3 44. Ra3+ Kd4 45. Ra4+ Ke5 46. f4+ Kf5 47. Rd4 Ke6 48. Kf3 h3 49. Kg4 h2 50.
Kg3 Re1 51. Kxh2 Re4 52. Rd2 Rxf4 53. Kg3 Rf8 54. Re2+ Kd6 55. Re3 d4 56. Rf3 Rxf3+ 57. Kxf3 Kc5 58. Ke2 Kc4 59. Kd2 d3 60. Kd1 Kd4 61.
Kd2 Ke4 62. Kd1 Ke3 63. Ke1 d2+ 64. Kd1 Kd3 1/2-1/2

[Event "*** Titled Tuesday Blitz"]
[Site "Chess.com"]
[Date "2020.04.28"]
[Round "2"]
[White "bgfbfbgfbgfgf"]
[Black "Quattroporte300"]
[Result "1-0"]
[WhiteElo "2589"]
[BlackElo "2301"]
[TimeControl "180+1"]
[EndTime "10:19:02 PDT"]
[Termination "bgfbfbgfbgfgf won by resignation"]

1. Nf3 Nf6 2. c4 e6 3. Nc3 d5 4. d4 c6 5. Bg5 Nbd7 6. e3 Qa5 7.
Nd2 Bb4 8. Qc2 O-O 9. Be2 h6 10. Bh4 Re8 11. O-O Bd6 12. a3 Qc7 13. Bg3 Bxg3 14.
hxg3 Nf8 15. cxd5 exd5 16. Bd3 Bg4 17. Nf3 Rad8 18. Ne5 Be6 19. Ne2 N8d7 20. Nxd7 Qxd7 21. Nf4 Ne4 22. Nxe6 Rxe6 23. b4 Rde8 24. a4 Qd6 25. b5 Rg6 26. bxc6 bxc6 27. Rab1 Rg5 28. Rfc1 Re6 29.
Rb3 Rf6 30. Bxe4 dxe4 31. Qxe4 g6 32. Qe8+ Qf8 33. Qxf8+ Kxf8 34. Rb8+ Kg7 35. Rc8 Ra5 36. R8xc6 Rxc6 37. Rxc6 Rxa4 38. g4 Ra1+ 39. Kh2 a5 40.
Ra6 a4 41. Kg3 a3 42. d5 Kf8 43. e4 Ke7 44. f3 g5 45. Rxh6 a2 46. Ra6 f6 47.
Kh2 Kf7 48. Ra7+ Ke8 49. d6 Kd8 50. g3 Ke8 51. Kg2 Kd8 52. f4 Rd1 53. Rxa2 Rxd6 54. Re2 Ke7 55. e5 fxe5 56. Rxe5+ Kf7 57. Rxg5 1-0

[Event "*** Titled Tuesday Blitz"]
[Site "Chess.com"]
[Date "2020.04.28"]
[Round "2"]
[White "Nbk90"]
[Black "Jenia84"]
[Result "1-0"]
[WhiteElo "2568"]
[BlackElo "2299"]
[TimeControl "180+1"]
[EndTime "10:19:02 PDT"]
[Termination "Nbk90 won by resignation"]

1. d4 Nf6 2. Nf3 b6 3. Bf4 Bb7 4. Nbd2 e6 5. e3 c5 6. c3 Ne4 7.
Bd3 Nxd2 8. Qxd2 cxd4 9. exd4 Be7 10. Qe2 d6 11. O-O Nd7 12. a4 Qc7 13. Bg5 Bxg5 14. Nxg5 Nf6 15. Bb5+ Bc6 16. a5 O-O 17. axb6 axb6 18.
Qc4 Rac8 19. Bxc6 Qxc6 20. Qxc6 Rxc6 21. Ra6 e5 22. dxe5 dxe5 23. Nf3 Re6 24. Rfa1 h6 25. Kf1 Nd7 26. Ke2 Nc5 27. Ra8 f5 28. Rxf8+ Kxf8 29. Ra8+ Ke7 30. h4 Kf6 31. h5 Ne4 32. Rf8+ Ke7 33.
Rxf5 Nf6 34. Rxe5 Nxh5 35. Ke3 Nf6 36. Rxe6+ Kxe6 37. c4 Ng4+ 38. Ke2 Kd6 39. b4 Kc6 40. Nd2 b5 41. f3 Ne5 42. c5 Nd7 43. Nb3 Nf6 44.
Nd4+ Kd7 45. Nxb5 Nd5 46. Kd3 Nxb4+ 47. Kc4 Nc6 48. Nd4 Ne5+ 49. Kd5 Nd3 50. c6+ Kc8 51. Kd6 Nf4 52. Nf5 Ng6 53. Ne7+ Nxe7 54. Kxe7 Kc7 55.
Kf7 g5 56. Kg6 Kxc6 1-0

[Event "*** Titled Tuesday Blitz"]
[Site "Chess.com"]
[Date "2020.04.28"]
[Round "2"]
[White "jlandaw"]
[Black "Muracle"]
[Result "0-1"]
[WhiteElo "2393"]
[BlackElo "2669"]
[TimeControl "180+1"]
[EndTime "10:19:03 PDT"]
[Termination "Muracle won on time"]

1. e4 e5 2. Nf3 Nc6 3. Bb5 a6 4. Ba4 Nf6 5. O-O d6 6. Re1 Be7 7. c3 O-O 8. h3 b5 9. Bb3 Be6 10. d3 Qd7 11. Nbd2 Rfe8 12. Bc2 Bf8 13. d4 exd4 14. cxd4 d5 15. e5 Nh5 16. Ng5 g6 17.
g4 Nf4 18. Nf1 Nxh3+ 19. Nxh3 Bxg4 20. f3 Bxh3 21. Ng3 Bg7 22. Bg5 Ne7 23. Kh2 Bf5 24.
Nxf5 Nxf5 25. Qd2 c5 26. Bxf5 Qxf5 27. dxc5 Bxe5+ 28. f4 Qxg5 29. Rxe5 Qh4+ 30. Kg2 Rxe5 31. fxe5 Qe4+ 32. Kg1 Qxe5 33. Re1 Qg3+ 34. Kf1 Qf3+ 35. Kg1 Rd8 36. Rc1 d4 37. c6 Qe3+ 38. Qxe3 dxe3 39. c7 Rc8 40. Kf1 Kf8 41. Ke2 Ke7 42. Rc6 Kd7 43. Rxa6 Rxc7 44. Kxe3 h5 45. Rf6 Ke7 46. Rf2 f5 47. Kd4 Kf6 48. b3 g5 49. a4 bxa4 50. bxa4 g4 51. a5 Ra7 52. Ra2 h4 53. Ke3 Kg5 54. a6 h3 55. Kf2 f4 56. Ra4 h2 57. Kg2 g3 58. Ra2 f3+ 59. Kh1 Rh7 0-1

[Event "*** Titled Tuesday Blitz"]
[Site "Chess.com"]
[Date "2020.04.28"]
[Round "2"]
[White "vanyakuba"]
[Black "LittlePeasant"]
[Result "0-1"]
[WhiteElo "2410"]
[BlackElo "2753"]
[TimeControl "180+1"]
[EndTime "10:19:03 PDT"]
[Termination "LittlePeasant won on time"]

1. e4 c5 2. c3 Nf6 3. e5 Nd5 4.
g3 d6 5. exd6 e6 6. Bg2 Bxd6 7.
Nf3 O-O 8. O-O Nc6 9. d4 h6 10. c4 Nf6 11. Nc3 Bd7 12. h3 Rc8 13. d5 exd5 14. cxd5 Ne7 15. Nd2 Nf5 16. Nc4 Bb8 17. a4 b6 18. Re1 Re8 19. Rxe8+ Bxe8 20. Qd3 Bd7 21. Bd2 Nd4 22. Re1 Bf5 23. Ne4 Nxd5 24.
Ne3 Nxe3 25. Bxe3 Qd7 26. g4 Bg6 27. Qc4 Re8 28. Nc3 Nc2 29. Rd1 Nxe3 30. fxe3 Qc7 31. Nd5 Qh2+ 32. Kf1 Qg3 33. Qe2 Be5 34. b3 Kh7 35. Qf3 Qxf3+ 36. Bxf3 Bc2 37. Rc1 Bxb3 38. Kf2 Bxa4 39. Be4+ g6 40. Bf3 Kg7 41. h4 Bd7 42. Rd1 Be6 43. Nf4 Bxf4 44. exf4 Bb3 45. Rd3 c4 46.
Rd7 c3 47. Rc7 c2 48. g5 hxg5 49. fxg5 a5 50. h5 gxh5 51. Bxh5 a4 52. g6 Re5 53. Bf3 Rc5 54. Rxf7+ Bxf7 55. gxf7 c1=Q 0-1

[Event "*** Titled Tuesday Blitz"]
[Site "Chess.com"]
[Date "2020.04.28"]
[Round "2"]
[White "Kaua18"]
[Black "Karacsonyi_Gellert"]
[Result "1/2-1/2"]
[WhiteElo "2252"]
[BlackElo "2459"]
[TimeControl "180+1"]
[EndTime "10:19:03 PDT"]
[Termination "Game drawn - insufficient material"]

1. e4 c5 2. Nf3 Nc6 3. d4 cxd4 4. Nxd4 g6 5. c4 Nf6 6. Nc3 d6 7. Be2 Nxd4 8. Qxd4 Bg7 9. O-O O-O 10. Qd1 a5 11. Be3 Be6 12. Rc1 a4 13. b4 axb3 14. axb3 Qa5 15. Bd4 Rfc8 16. f4 Nd7 17. Bf3 Bxd4+ 18.
Qxd4 Qc5 19. Nb5 Qxd4+ 20. Nxd4 Nc5 21. Rfd1 Ra2 22. b4 Na4 23. Nxe6 fxe6 24. e5 dxe5 25.
fxe5 Rc7 26. Rd8+ Kg7 27. Bg4 Rb2 28. Bxe6 Rxb4 29. h4 Nc5 30. Rg8+ Kh6 31. Bd5 e6 32. Bf3 Rg7 33. Re8 Nd3 34. g4 g5 35. Rxe6+ Rg6 36. Rxg6+ hxg6 37. Rc2 Nxe5 38. hxg5+ Kxg5 39. Be2 Nxg4 40. Rc3 Ne5 41. Kf2 Kf5 42. c5 g5 43. Bf3 Rb2+ 44.
Kg3 Nxf3 45. Kxf3 Ke5 46. c6 bxc6 47. Rxc6 Kf5 48. Rc5+ Kg6 49. Kg3 Kh5 50. Rd5 Rb3+ 51. Kg2 Kh4 52. Kg1 g4 53. Rd1 Kh3 54. Rc1 Rb2 55. Ra1 Rg2+ 56. Kh1 Rh2+ 57. Kg1 g3 58. Ra8 Rb2 59. Rh8+ Kg4 60. Rg8+ Kf3 61. Rf8+ Ke3 62.
Re8+ Kf4 63. Rf8+ Ke5 64. Re8+ Kf6 65. Rf8+ Kg7 66. Rf3 g2 67. Rg3+ Kf6 68. Rxg2 Rxg2+ 69. Kxg2 1/2-1/2

[Event "*** Titled Tuesday Blitz"]
[Site "Chess.com"]
[Date "2020.04.28"]
[Round "2"]
[White "Kate1606"]
[Black "aridannie"]
[Result "1-0"]
[WhiteElo "2029"]
[BlackElo "2357"]
[TimeControl "180+1"]
[EndTime "10:19:03 PDT"]
[Termination "Kate1606 won by resignation"]

1. e4 c5 2. Nc3 Nc6 3. f4 g6 4.
Nf3 Bg7 5. Bb5 e6 6. Bxc6 dxc6 7. e5 Ne7 8. Ne4 O-O 9. Nxc5 Nf5 10. Ne4 Nd4 11. c3 Nxf3+ 12. Qxf3 b6 13. d4 Ba6 14. Nd6 c5 15. Be3 cxd4 16. Bxd4 f6 17. Qe3 fxe5 18.
Bxe5 Bxe5 19. fxe5 Qh4+ 20. g3 Qg4 21. Ne4 Kh8 22.
Nf6 Qf5 23. O-O-O Rfd8 24. Qh6 g5 25. g4 Qg6 26. Qxg6 hxg6 27. Rxd8+ Rxd8 28. Rd1 Rxd1+ 29. Kxd1 Kg7 30. Ne4 Bb7 31. Nxg5 Kh6 32. h4 Bd5 33. b3 b5 34. Ke2 a5 35. Ke3 a4 36. Kd4 axb3 37. axb3 Bxb3 38. Kc5 Bc4 39. Kd6 Be2 40.
Nxe6 Bxg4 41. Nf4 Kg7 42. e6 Bf5 43. e7 Kf7 44. Nd5 g5 45. hxg5 Bg6 46. Nc7 Kg7 47. e8=Q Bxe8 48. Nxe8+ Kg6 49. Nc7 Kxg5 50. Nxb5 Kf5 51. c4 1-0

[Event "*** Titled Tuesday Blitz"]
[Site "Chess.com"]
[Date "2020.04.28"]
[Round "2"]
[White "AtabayevSaparmyrat"]
[Black "IMDT02"]
[Result "1-0"]
[WhiteElo "2689"]
[BlackElo "2446"]
[TimeControl "180+1"]
[EndTime "10:19:06 PDT"]
[Termination "AtabayevSaparmyrat won by resignation"]

1. e4 c5 2. Nf3 Nc6 3. d4 cxd4 4.
Nxd4 e5 5. Nb5 d6 6. N1c3 a6 7. Na3 Be7 8. Nc4 b5 9. Ne3 Nf6 10. Ned5 O-O 11. Be3 Rb8 12. Be2 b4 13. Nxf6+ Bxf6 14. Nd5 Bg5 15. O-O Be6 16. Qd2 Bxe3 17. Nxe3 a5 18. Rfd1 Nd4 19. Bf1 Qg5 20. Kh1 Rfd8 21. c3 Nc6 22. Bc4 Rbc8 23. Bd5 bxc3 24. bxc3 Ne7 25. Bxe6 fxe6 26. c4 Rc5 27. Rab1 Nc6 28. Rb5 Qf4 29. f3 Nd4 30. Rxa5 Rxa5 31. Qxa5 Rf8 32.
Qd2 h5 33. Nc2 Qxd2 34. Rxd2 Nxc2 35. Rxc2 Rc8 36. Kg1 d5 37. exd5 exd5 38. c5 Kf7 39. Kf2 Ke6 40. Ke3 g5 41. g3 Ra8 42. c6 Rc8 43. f4 gxf4+ 44. gxf4 e4 45. Kd4 Kd6 46. c7 Rxc7 47. Rxc7 Kxc7 48. a4 Kb6 49. f5 Ka5 50.
f6 Kxa4 51. f7 e3 1-0

[Event "*** Titled Tuesday Blitz"]
[Site "Chess.com"]
[Date "2020.04.28"]
[Round "2"]
[White "Gajuchess"]
[Black "kingnb"]
[Result "0-1"]
[WhiteElo "2744"]
[BlackElo "2452"]
[TimeControl "180+1"]
[EndTime "10:19:06 PDT"]
[Termination "kingnb won by resignation"]

1. Nf3 Nf6 2. g3 g6 3. Bg2 Bg7 4. O-O O-O 5. c4 d6 6. d4 c6 7.
Nc3 Qa5 8. e4 Be6 9. d5 cxd5 10.
cxd5 Bd7 11. Bd2 Rc8 12. Re1 Na6 13. a3 Qd8 14. Bf1 Rab8 15. Rc1 Ng4 16. h3 Ne5 17.
Nxe5 Bxe5 18. Be3 Nc5 19. b4 Bxc3 20. Rxc3 Nxe4 21. Rxc8 Rxc8 22. Bxa7 Nc3 23. Qd2 b6 24. Ba6 Ra8 25. Qxc3 Rxa7 26. Bf1 Be8 27. b5 Qa8 28.
Qd4 Qb8 29. Re3 Rc7 30. Qh4 Qb7 31. a4 f6 32. Qe4 Bf7 33. Bg2 Kf8 34. Qd4 Rc5 35. Qf4 Bxd5 36. Qh6+ Kg8 37. Bxd5+ Rxd5 38. Re1 Rc5 39. Qf4 Qc7 40. Qd4 Kf8 41. Qe3 Re5 42.
Qh6+ Kg8 43. Rc1 Rc5 44. Rxc5 dxc5 45. Qd2 Kf7 46. Qd5+ e6 47. Qc4 Qd6 48. Qc1 Ke8 49. Qh6 Qc7 50. Qe3 Kd7 51. Qd3+ Kc8 52. Qe3 e5 53.
Qe4 c4 54. Qxc4 Qxc4 0-1

[Event "*** Titled Tuesday Blitz"]
[Site "Chess.com"]
[Date "2020.04.28"]
[Round "2"]
[White "giantslayer83"]
[Black "GuerrieroFromLevant"]
[Result "0-1"]
[WhiteElo "2688"]
[BlackElo "2340"]
[TimeControl "180+1"]
[EndTime "10:19:06 PDT"]
[Termination "GuerrieroFromLevant won by resignation"]

1. d4 d5 2. c4 e6 3. Nc3 c5 4. e3 dxc4 5. Bxc4 Nf6 6. Nf3 a6 7. a4 Nc6 8. O-O Be7 9. Qe2 cxd4 10. Rd1 e5 11. exd4 exd4 12. Nxd4 Nxd4 13. Qe5 O-O 14. Rxd4 Qe8 15. h3 Bd7 16. Bf4 Bc6 17. Re1 Bc5 18.
Rdd1 Qxe5 19. Bxe5 Nd7 20. Bd6 Bxd6 21. Rxd6 Rae8 22.
Red1 Nb6 23. Bxa6 Nxa4 24. Nxa4 Bxa4 25. R1d4 bxa6 26. Rxa4 Re1+ 27. Kh2 Re2 28. b4 Rxf2 29. Rdxa6 h5 30. Ra8 Rb2 31. Kg3 Rxa8 32. Rxa8+ Kh7 33. Rb8 g5 34. b5 Rb3+ 35. Kf2 Rb2+ 36. Kf3 f5 37. b6 Rb3+ 38. Kf2 f4 39. b7 Kg7 40.
Ke2 g4 41. h4 Rb2+ 42. Kd1 g3 43. Ke1 f3 44. Re8 f2+ 45. Kf1 Rb1+ 46. Ke2 f1=Q+ 47.
Kd2 Qf2+ 48. Kc3 Rxb7 49. Re7+ Rxe7 50. Kc4 Qe3 51. Kd5 Rd7+ 0-1

[Event "*** Titled Tuesday Blitz"]
[Site "Chess.com"]
[Date "2020.04.28"]
[Round "2"]
[White "viditchess"]
[Black "GM_DarwinLaylo"]
[Result "1/2-1/2"]
[WhiteElo "2906"]
[BlackElo "2584"]
[TimeControl "180+1"]
[EndTime "10:19:07 PDT"]
[Termination "Game drawn by repetition"]

1. d4 d5 2. c4 c6 3. Nf3 Nf6 4. e3 g6 5. Nc3 Bg7 6. Be2 O-O 7. O-O a6 8. a4 e6 9. a5 Re8 10. Qb3 Nbd7 11. Rd1 Ne4 12. Bd2 f5 13.
Qc2 Qf6 14. b4 g5 15. b5 g4 16. Ne1 h5 17. bxc6 bxc6 18. cxd5 cxd5 19. Nxe4 fxe4 20.
Qc6 Ra7 21. Nc2 Rf8 22. Rf1 Nb8 23. Qd6 Rb7 24. Nb4 Rd8 25. Qg3 Bf8 26. f3 Bxb4 27.
fxg4 Qg7 28. Bxb4 Rxb4 29. Rac1 Bd7 30. Rc7 Rb2 31. Bd1 Nc6 32. Qh4 Rf8 33. Rxf8+ Kxf8 34. h3 Qe7 35. Qxh5 Qd6 36. Qh8+ Ke7 37. Rxd7+ Kxd7 38. Ba4 Kc7 39. Qg7+ Ne7 40. g5 Rb1+ 41. Kf2 Rb2+ 42.
Kg1 Ra2 43. Be8 Ra1+ 44. Kf2 Ra2+ 45. Kg1 Kd8 46. Qf8 Ra1+ 47. Kf2 Ra2+ 48. Kg1 Ra1+ 49. Kf2 Ra2+ 50. Kg1 1/2-1/2

[Event "*** Titled Tuesday Blitz"]
[Site "Chess.com"]
[Date "2020.04.28"]
[Round "2"]
[White "SARGISMV"]
[Black "Alexchess1984"]
[Result "0-1"]
[WhiteElo "2448"]
[BlackElo "2689"]
[TimeControl "180+1"]
[EndTime "10:19:07 PDT"]
[Termination "Alexchess1984 won on time"]

1. d4 Nf6 2. c4 c5 3. d5 g6 4. Nc3 Bg7 5. e4 d6 6. Nf3 O-O 7. Be2 e6 8. O-O Re8 9. h3 Na6 10. Re1 Nc7 11. Bf4 e5 12. Be3 Kh8 13. a3 Ng8 14. b4 b6 15. Rb1 Rf8 16. bxc5 bxc5 17. Qa4 Bd7 18. Qa5 Qc8 19. Nd2 f5 20. f3 Bh6 21. Bxh6 Nxh6 22. Nb5 Nxb5 23. cxb5 f4 24. Nc4 Bxh3 25. Nxd6 Qd7 26. Nc4 g5 27. Qc3 Rae8 28.
b6 axb6 29. Rxb6 Nf7 30. gxh3 Qxh3 31. Bf1 Qg3+ 32. Bg2 g4 33. Rf1 Rg8 34. Rf6 Ng5 35. Nxe5 Rg7 36. Nxg4 h5 37. Rh6+ Nh7 38. Rxh5 Kg8 39.
Rh3 Rxg4 40. Rxg3 Rxg3 41. Kf2 Ng5 42. e5 Ne4+ 43. fxe4 Rxc3 44. e6 Kf8 45. Bh3 Ke7 46.
Rb1 Rxh3 47. e5 Re3 48. Rb7+ Kf8 49. Rf7+ Kg8 50. Rf5 c4 51. Rxf4 Rxe5 52. Rg4+ Kh7 53. Rh4+ Kg6 54. Rd4 Kf6 55. d6 R5xe6 56. Rxc4 Rd8 57.
Rf4+ Ke5 58. Rb4 Rf6+ 0-1